 Dungeon Crawl Stone Soup version 0.21.1-1-g345015fe64 (webtiles) character file.

46 Lavandula the Digger (level 3, -1/24 HPs)
             Began as a Barachi Earth Elementalist on July 4, 2018.
             Slain by a gnoll
             ... wielding a +0 club
              (9 damage)
             ... on level 2 of the Dungeon.
             The game lasted 00:03:14 (454 turns).

Lavandula the Digger (Barachi Earth Elementalist)    Turns: 454, Time: 00:03:14

Health: -1/24      AC:  4    Str:  7    XL:     3   Next: 66%
Magic:  2/6        EV: 12    Int: 16    God:
Gold:   18         SH:  0    Dex: 12    Spells: 5/6 levels left

rFire    . . .     SeeInvis .   i - +2 dagger (venom)
rCold    . . .     Gourm    .   (no shield)
rNeg     . . .     Faith    .   c - +0 robe
rPois    .         Spirit   .   (no helmet)
rElec    .         Reflect  .   (no cloak)
rCorr    .         Harm     .   j - +1 pair of gloves
MR       .....                  (no boots)
Stlth    ++........             m - amulet of inaccuracy (curse)
HPRegen  0.08/turn              l - -2 ring of strength (curse)
MPRegen  0.10/turn              (no ring)

@: very slightly contaminated, slow
A: +LOS, swims, slowness 1, strong legs 1
a: Hop


You were on level 2 of the Dungeon.
You were not hungry.

You visited 1 branch of the dungeon, and saw 2 of its levels.

You collected 18 gold pieces.

Inventory:

Hand Weapons
 i - a +2 dagger of venom (weapon)
Missiles
 b - 21 stones (quivered)
Armour
 c - a +0 robe (worn)
 j - a +1 pair of gloves (worn)
Jewellery
 l - a cursed -2 ring of strength (left hand)
 m - a cursed amulet of inaccuracy (around neck)
Scrolls
 h - a scroll of fear
Potions
 a - a potion of cancellation {unknown}
 g - a potion of ambrosia {unknown}
Books
 e - a book of Geomancy

   Spells                             Type                      Level
   a - Sandblast                      Earth                        1
   b - Passwall                       Transmutation/Earth          2
   c - Stone Arrow                    Conjuration/Earth            3
   d - Petrify                        Transmutation/Earth          4
   e - Lee's Rapid Deconstruction     Earth                        5
Comestibles
 d - 2 rations


   Skills:
 + Level 2.6 Short Blades
 - Level 2.1 Dodging
 - Level 1.7 Stealth
 - Level 2.1 Spellcasting
   Level 1.1 Transmutations
 - Level 3.6 Earth Magic


You had 5 spell levels left.
You knew the following spells:

 Your Spells              Type           Power        Failure   Level  Hunger
a - Sandblast             Erth           ##....       4%          1    #......


Dungeon Overview and Level Annotations

Branches:
Dungeon (2/15)

Altars:
Ashenzari
Trog


Innate Abilities, Weirdness & Mutations

Shadows flee at your approach. (+LOS)
You can swim through water.
You cover ground slowly.
You can hop short distances.


Message History

b - 22 stones The gnoll hits you with a club.
Casting: Sandblast
Confirm with . or Enter, or press ? or * to list all spells.
Aiming: Sandblast
Press: ? - help, Shift-Dir - straight line, f/p - gnoll
Aim: a gnoll, wielding a club You miscast Sandblast.
You are very lightly contaminated with residual magic.
Nothing appears to happen.
The gnoll barely misses you.
Casting: Sandblast
Confirm with . or Enter, or press ? or * to list all spells.
Aiming: Sandblast
Press: ? - help, Shift-Dir - straight line, f/p - gnoll
Aim: a gnoll, wielding a club The blast of sand hits the gnoll.
The gnoll is lightly wounded.
b - 21 stones The gnoll hits you with a club!
You die...

...<...# ##.##### .#
#. .# #.# ##+# .#
#.# ##...# .# ##.#
#.....# #####.####
...# .......#
#........# .####
....?...###.....##.#
....+
.......gKg@........#
.####
.......g###.....##.#
## .......# #.#...#
# # #.....#
#.##.###.# # ##...#
#...†....# # ##+#
#........# # #.#
####.##### ### ###
#.# #.# #.. ..###.##
#.#


You could see 3 gnolls and a kobold.

Vanquished Creatures
  A gnoll (D:2)
  An adder (D:2)
  A worm (D:2)
  3 dart slugs (D:1)
  A leopard gecko (D:1)
  2 goblins
  2 hobgoblins (D:2)
  A frilled lizard (D:2)
  4 kobolds
  5 rats (D:2)
21 creatures vanquished.

Notes
Turn   | Place    | Note
-------+----------+-------------------------------------------
     0 | D:1      | Lavandula the Barachi Earth Elementalist began the quest for the Orb.
     0 | D:1      | Reached XP level 1. HP: 13/13 MP: 3/3
    69 | D:1      | Reached XP level 2. HP: 19/19 MP: 0/5
   182 | D:2      | Reached skill level 1 in Short Blades
   241 | D:2      | Found a shattered altar of Ashenzari.
   292 | D:2      | Reached XP level 3. HP: 24/24 MP: 6/6
   299 | D:2      | Noticed a moth of wrath
   302 | D:2      | Found a bloodstained altar of Trog.
   454 | D:2      | Slain by a gnoll

Skill      XL: |  1  2  3 |
---------------+----------+-----
Short Blades   | 1 2 |  2.6
Dodging        | |  2.1
Stealth        | |  1.7
Spellcasting   | |  2.1
Transmutations | |  1.1
Earth Magic    | |  3.6

Action                   || total
-------------------------++-------
Melee: Dagger            ||    39
       Unarmed           ||     7
 Cast: Sandblast         ||    13
 Abil: Hop               ||     1
  Use: Scroll            ||     3
 Stab: Sleeping          ||     1
Armor: Robe              ||     3
Dodge: Dodged            ||    28
